 Seeded DCSS version 0.30-a0-377-g5cb311bc9f (webtiles) character file.

Game seed: 1716670486929126856 (custom seed)

29967 purpskrrrp the Demonic Aeon (level 13, -13/106 HPs)
             Began as a Demonspawn Brigand on Nov 28, 2022.
             Was the Champion of Cheibriados.
             Mangled by a red ugly thing (15 damage)
             ... on level 14 of the Dungeon.
             The game lasted 00:36:49 (13618 turns).

purpskrrrp the Demonic Aeon (Demonspawn Brigand)   Turns: 13618, Time: 00:36:49

Health: -13/106    AC: 16    Str: 33    XL:     13   Next: 18%
Magic:  22/22      EV: 26    Int: 28    God:    Cheibriados [******]
Gold:   1048       SH:  0    Dex: 39    Spells: 3/12 levels left

rFire   . . .      SeeInvis .    z - +7 dagger of Eternal War {freeze, rC+ Dex+4}
rCold   + . .      Faith    .    (no shield)
rNeg    . . .      Spirit   .    L - +0 acid dragon scales
rPois   .          Reflect  .    q - +2 helmet
rElec   .          Harm     .    B - +2 cloak
rCorr   +          Rampage  .    x - +0 pair of fencer's gloves {Riposte Dex+3}
Will    .....                    j - +2 pair of boots
Stlth   ++++++....               C - amulet of magic regeneration
HPRegen 0.37/turn                H - ring of resist corrosion
MPRegen 0.58/turn                D - +6 ring of strength

@: very slow
A: demonic guardian 1, foul stench 3, sturdy frame 1, demonic touch 2, talons 1,
clumsy 1
a: Renounce Religion, Bend Time, Temporal Distortion, Slouch, Step From Time


You were on level 14 of the Dungeon.
You worshipped Cheibriados.
Cheibriados was exalted by your worship.
You visited 1 branch of the dungeon, and saw 14 of its levels.
You also visited: Sewer and Ossuary.

You collected 1165 gold pieces.
You spent 117 gold pieces at shops.

Inventory:

Hand Weapons
 a - a +2 dagger
 f - a +1 dagger of electrocution
 t - a +1 antimagic dagger
 y - the +6 sling "Qoewke" {speed, rElec Int+3}
   (You bought it in a shop on level 4 of the Dungeon)

   Attacks with this weapon are significantly faster.
   Int:       It affects your intelligence (+3).
   rElec:     It insulates you from electricity.
   Cheibriados disapproves of the use of such an item.
 z - the +7 dagger of Eternal War (weapon) {freeze, rC+ Dex+4}
   (You found it on level 5 of the Dungeon)

   It freezes those it strikes, dealing additional cold damage.
   It can also slow down cold-blooded creatures.
   Dex:       It affects your dexterity (+4).
   rC:        It protects you from cold.
 E - a +0 club
 O - a +0 longbow
Missiles
 d - 63 poisoned darts
 e - 11 curare-tipped darts
 n - 7 atropa-tipped darts
Armour
 b - a +1 robe
 c - a +0 cloak
 j - a +2 pair of boots (worn)
 q - a +2 helmet (worn)
 x - the +0 pair of fencer's gloves (worn) {Riposte Dex+3}
   (You acquired it on level 6 of the Dungeon)

   It allows the wearer to riposte with melee weapons, swiftly retaliating
   against missed or blocked melee attacks.
   Dex:       It affects your dexterity (+3).
 B - a +2 cloak (worn)
 I - a +1 troll leather armour
 L - +0 acid dragon scales (worn)
 P - a +1 buckler of protection
Jewellery
 h - a ring of ice
 C - an amulet of magic regeneration (around neck)
 D - a +6 ring of strength (right hand)
 H - a ring of resist corrosion (left hand)
Wands
 w - a wand of iceblast (8)
 G - a wand of flame (27)
Scrolls
 s - 2 scrolls of teleportation
 F - 3 scrolls of magic mapping
 J - 5 scrolls of identify
 K - a scroll of butterflies
 N - a scroll of amnesia
Potions
 g - 10 potions of curing
 i - 2 potions of lignification
 k - 4 potions of flight
 l - 2 potions of heal wounds
 m - 4 potions of degeneration
 o - 5 potions of attraction
 p - a potion of ambrosia
 r - a potion of magic
 u - a potion of might
 v - 2 potions of haste
 A - 4 potions of brilliance
 M - 2 potions of invisibility


   Skills:
 + Level 11.1 Fighting
 + Level 9.9 Short Blades
 - Level 1.7 Throwing
 + Level 9.7 Dodging
 + Level 11.6 Stealth
 * Level 12.0 Invocations


You had 3 spell levels left.
You knew the following spells:

 Your Spells              Type           Power      Damage    Failure   Level
a - Shatter               Erth           0%         3d5*      100%        9

Your spell library contained the following spells:

 Spells                   Type           Power      Damage    Failure   Level
 Apportation              Tloc           0%         N/A       12%         1
 Sandblast                Erth           0%         2d4       12%         1
 Sting                    Tmut/Pois      0%         1d3       12%         1
 Sublimation of Blood     Necr           0%         N/A       17%         2
 Wereblood                Tmut           0%         N/A       17%         2
 Call Canine Familiar     Summ           0%         N/A       34%         3
 Gell's Gravitas          Tloc           0%         N/A       34%         3
 Kindle Blastsparks       Fire/Tloc/Air  0%         2d10      34%         3
 Lesser Beckoning         Tloc           0%         N/A       34%         3
 Portal Projectile        Hex/Tloc       0%         N/A       34%         3
 Teleport Other           Tloc           0%         N/A       34%         3
 Fulminant Prism          Conj/Hex       0%         3d5       75%         4
 Iskenderun's Mystic Bla  Conj/Tloc      0%         2d3       75%         4
 Leda's Liquefaction      Hex/Erth       0%         N/A       75%         4
 Petrify                  Tmut/Erth      0%         N/A       75%         4
 Alistair's Intoxication  Tmut/Pois      0%         N/A       97%         5
 Lee's Rapid Deconstruct  Erth           0%         3d4*      97%         5
 Metabolic Englaciation   Hex/Ice        0%         N/A       97%         5
 Iron Shot                Conj/Erth      0%         9d1       100%        6
 Statue Form              Tmut/Erth      0%         N/A       100%        6
 Summon Hydra             Summ           0%         N/A       100%        7


Dungeon Overview and Level Annotations

Branches:
Dungeon (14/15)            Temple (0/1) D:4            Lair (0/5) D:9
    Orc (0/2) D:10         Vaults (0/5) D:14          Sewer (visited)
Ossuary (visited)

Altars:
Cheibriados
Gozag
Kikubaaqudgha
Nemelex Xobeh
Okawaru
Uskayaw
Vehumet
Xom
Yredelemnul

Shops:
D:4 (   D:6 (   D:9 ?   D:10 =

Annotations:
D:8 1 runed translucent door
D:9 2 transporters
D:13 3 runed translucent doors, Cancer's ghost, journeyman GrEE
D:14 Roxanne


Innate Abilities, Weirdness & Mutations

A weak demonic guardian rushes to your aid.
You frequently emit foul miasma when damaged in melee.
Your movements are slightly less encumbered by armour. (ER -2)
Your touch may inflict irresistible damage on your foes.
You have sharp toenails.
You are clumsy. (Dex -2)


Message History

The red ugly thing is engulfed in dark miasma.
The red ugly thing is poisoned.
The red ugly thing kicks you.
* * * LOW HITPOINT WARNING * * *
You are engulfed in flames!!
* * * LOW HITPOINT WARNING * * *
A demonic guardian appears!
You are too injured to fight recklessly!
You are too injured to fight recklessly!
You are too injured to fight recklessly!
You are too injured to fight recklessly!
You are too injured to fight recklessly!
You are too injured to fight recklessly!
You are too injured to fight recklessly!
You are too injured to fight recklessly!
You are too injured to fight recklessly!
You are too injured to fight recklessly!
You are too injured to fight recklessly!
You are too injured to fight recklessly!
You are too injured to fight recklessly!
You are too injured to fight recklessly!
You are too injured to fight recklessly!
You are too injured to fight recklessly!
You are too injured to fight recklessly!
You are too injured to fight recklessly!
You are too injured to fight recklessly!
You are too injured to fight recklessly!
You are too injured to fight recklessly!
You are too injured to fight recklessly!
Okay, then.
Okay, then.
The red ugly thing is engulfed in dark miasma.
The red ugly thing looks even sicker.
Your white imp closely misses the red ugly thing.
The red ugly thing completely misses you.
Your white imp barely misses the red ugly thing.
Your white imp barely misses the red ugly thing.
The red ugly thing kicks you!
* * * LOW HITPOINT WARNING * * *
You are engulfed in flames!
You die...

..♣##.........#.......##.....####
..# #.........#.............##
.## #....................#####
#####...........####..###.[..#
#............................####
..#..............#...............
............)..#..)..##.......##.
#.....##...##)##.)..####.....####
.........###....@#.## ##...## #
........####....u5.## ##+## #
........# #.........## ##
......#####..#.☼.#...##.#pp.#.##.
<................#....#..Q.p..#..
.......#..............'.Q.∩.u.+..
.............#...#....#..p.c. #..
#.........#.##...#...## #.p.# ##.
............###.##..##


hQQ. ## You could see a red ugly thing (very poisoned, ally target) and a
friendly white imp (summoned).

Vanquished Creatures
  Jorgrun (D:14)
  An entropy weaver (shapeshifter) (D:13)
  2 vault guards (D:14)
  A hydra (D:13)
  Erolcha (D:12)
  A boulder beetle (D:13)
  2 centaur warriors
  6 two-headed ogres
  3 tengu warriors (D:14)
  5 ugly things
  A deep elf pyromancer (D:14)
  3 cyclopes
  2 manticores
  3 gargoyles
  An unseen horror (D:11)
  6 trolls
  A hornet (D:11)
  4 wraiths
  A shadow (D:10)
  A vampire (D:13)
  4 wyverns
  10 yaks
  A hog (shapeshifter) (D:14)
  4 steam dragons
  2 basilisks
  6 vampire mosquitoes
  Menkaure (D:4)
  2 acid dragons
  5 water moccasins
  A sky beast (D:7)
  4 black bears
  10 orc warriors
  3 ogres
  A wolf (D:8)
  3 centaurs
  A phantom (D:7)
  9 kobold brigands
  3 bullfrogs
  A necrophage (D:8)
  A gnoll sergeant (D:12)
  A scorpion (D:5)
  3 wights (D:5)
  13 killer bees
  5 electric eels
  3 howler monkeys
  A quasit (D:5)
  9 orc priests
  3 hounds
  3 iguanas (D:5)
  15 orc wizards
  Terence (D:3)
  8 mummies (Ossuary)
  Robin (D:3)
  4 gnolls
  11 adders
  A river rat (D:5)
  A shadow imp (D:7)
  A white imp (D:7)
  An ufetubus (D:5)
  5 worms
  4 dart slugs
  49 orcs
  16 ball pythons
  5 endoplasms
  6 giant cockroaches
  13 goblins
  11 hobgoblins
  6 jackals
  3 quokkas
  5 bats
  4 frilled lizards
  A goblin skeleton (D:5)
  2 goblin zombies (D:5)
  4 hobgoblin zombies
  29 kobolds
  A kobold skeleton (D:8)
  6 kobold zombies
  4 orc skeletons (D:5)
  5 orc zombies
  9 rats
  A bush (D:13)
392 creatures vanquished.

Vanquished Creatures (collateral kills)
  An unseen horror (D:11)
  An orc (D:5)
  3 hobgoblins
  2 bats
  3 goblins (D:3)
  A goblin skeleton (D:5)
11 creatures vanquished.

Vanquished Creatures (others)
  An orc warrior (D:12)
  An orc wizard (D:10)
  An orc (D:12)
  2 fungi (D:9)
  23 plants
  5 toadstools (D:1)
33 creatures vanquished.

Grand Total: 436 creatures vanquished

Notes
Turn   | Place    | Note
-------+----------+-------------------------------------------
     0 | D:1      | purpskrrrp the Demonspawn Brigand began the quest for the
                  | Orb.
     0 | D:1      | Reached XP level 1. HP: 16/16 MP: 1/1
    55 | D:1      | Reached skill level 1 in Dodging
   278 | D:1      | Gained mutation: A weak demonic guardian rushes to your
                  | aid. [demonic ancestry]
   278 | D:1      | Reached XP level 2. HP: 19/22 MP: 2/2
  1117 | D:2      | Gained mutation: You may rarely emit foul miasma when
                  | damaged in melee. [demonic ancestry]
  1117 | D:2      | Reached XP level 3. HP: 22/28 MP: 3/3
  1197 | D:2      | Found a faded altar of an unknown god.
  1438 | D:2      | Found a snail-covered altar of Cheibriados.
  1471 | D:2      | Became a worshipper of Cheibriados the Contemplative
  1736 | D:3      | Noticed Robin
  1767 | D:3      | Killed Robin
  1768 | D:3      | Gained mutation: Your touch may inflict minor irresistible
                  | damage on your foes. [demonic ancestry]
  1768 | D:3      | Reached XP level 4. HP: 4/34 MP: 4/4
  1870 | D:3      | Noticed Terence
  1872 | D:3      | Killed Terence
  1872 | D:3      | Reached * piety under Cheibriados
  2291 | D:3      | Gained mutation: Your touch may inflict irresistible damage
                  | on your foes. [demonic ancestry]
  2291 | D:3      | Reached XP level 5. HP: 28/41 MP: 5/5
  2397 | D:3      | Reached ** piety under Cheibriados
  2647 | D:4      | Found a staircase to the Ecumenical Temple.
  2665 | D:4      | Found a sand-covered staircase.
  2673 | Ossuary  | Entered an ossuary
  2963 | D:4      | Reached XP level 6. HP: 47/47 MP: 2/6
  3321 | D:4      | Noticed Menkaure
  3324 | D:4      | Killed Menkaure
  3325 | D:4      | Reached skill level 5 in Stealth
  3394 | D:4      | Found Zeyhenn's Antique Weapon Boutique.
  3397 | D:4      | Bought an ivory sling for 117 gold pieces
  3397 | D:4      | Identified the +6 sling "Qoewke" {speed, rElec Int+3} (You
                  | bought it in a shop on level 4 of the Dungeon)
  3696 | D:4      | Reached XP level 7. HP: 54/54 MP: 7/7
  3722 | D:5      | Entered Level 5 of the Dungeon
  3723 | D:5      | Identified the +7 dagger of Eternal War {freeze, rC+ Dex+4}
  3787 | D:5      | Reached *** piety under Cheibriados
  3789 | D:5      | Reached XP level 8. HP: 19/68 MP: 8/8
  3969 | D:5      | Found a glowing drain.
  3978 | Sewer    | Entered a sewer
  4006 | Sewer    | Reached **** piety under Cheibriados
  4372 | D:5      | Found a snail-covered altar of Cheibriados.
  4436 | D:5      | Reached XP level 9. HP: 74/74 MP: 9/9
  4531 | D:5      | Got the Encyclopedia of Transmigration and Terra Firma
  4950 | D:6      | Identified a scroll of acquirement
  4950 | D:6      | Acquired the +0 pair of fencer's gloves {Riposte Dex+3}
  4950 | D:6      | Found the +0 pair of fencer's gloves {Riposte Dex+3}
  5194 | D:6      | Found Etrits's Antique Weapon Shop.
  6016 | D:7      | Found a hide-covered altar of Uskayaw.
  6148 | D:7      | Gained mutation: You are clumsy. (Dex -2) [potion of
                  | mutation]
  6148 | D:7      | Gained mutation: You have sharp toenails. [potion of
                  | mutation]
  6246 | D:7      | Found a radiant altar of Vehumet.
  6411 | D:7      | Found an ancient bone altar of Kikubaaqudgha.
  6467 | D:8      | Reached ***** piety under Cheibriados
  6948 | D:8      | Gained mutation: Your movements are slightly less
                  | encumbered by armour. (ER -2) [demonic ancestry]
  6948 | D:8      | Reached XP level 10. HP: 82/82 MP: 10/10
  6952 | D:8      | Found a runed translucent door.
  6953 | D:8      | Found a basalt altar of Yredelemnul.
  7210 | D:8      | Found a shimmering altar of Xom.
  7582 | D:8      | Found an iron altar of Okawaru.
  7761 | D:9      | Found a staircase to the Lair.
  7793 | D:8      | Reached skill level 1 in Invocations
  7836 | D:9      | Noticed a two-headed ogre
  7837 | D:9      | Found Bohomn's Magic Scroll Shop.
  7848 | D:9      | Killed a two-headed ogre
  7849 | D:9      | Reached skill level 2 in Invocations
  7876 | D:9      | Noticed a two-headed ogre
  7883 | D:9      | Killed a two-headed ogre
  7884 | D:9      | Reached skill level 3 in Invocations
  8108 | D:9      | Noticed a two-headed ogre
  8121 | D:9      | Killed a two-headed ogre
  8122 | D:9      | Reached skill level 10 in Stealth
  8122 | D:9      | Reached skill level 4 in Invocations
  8122 | D:9      | Reached XP level 11. HP: 77/89 MP: 12/14
  8294 | D:9      | Reached skill level 5 in Invocations
  8382 | D:9      | Found a transporter.
  8384 | D:9      | Found the +7 Spriggan's Knife {stab, EV+4 Stlth+}
  8419 | D:9      | Found a transporter.
  8468 | D:9      | Reached ****** piety under Cheibriados
  8600 | D:10     | Entered Level 10 of the Dungeon
  8706 | D:10     | Noticed a two-headed ogre
  8709 | D:10     | Found Zerru's Jewellery Emporium.
  8717 | D:10     | Killed a two-headed ogre
  8719 | D:10     | Reached skill level 6 in Invocations
  8802 | D:10     | Noticed a two-headed ogre
  8817 | D:10     | Killed a two-headed ogre
  9115 | D:10     | Found an opulent altar of Gozag.
  9390 | D:10     | Found a staircase to the Orcish Mines.
 10079 | D:11     | Noticed a centaur warrior
 10081 | D:11     | Killed a centaur warrior
 10082 | D:11     | Reached skill level 7 in Invocations
 10407 | D:11     | Noticed a two-headed ogre
 10414 | D:11     | Killed a two-headed ogre
 10415 | D:11     | Reached skill level 10 in Fighting
 10709 | D:11     | Reached skill level 8 in Invocations
 10825 | D:11     | Noticed a brown ugly thing
 10840 | D:11     | Killed a brown ugly thing
 10925 | D:11     | Gained mutation: You sometimes emit foul miasma when
                  | damaged in melee. [demonic ancestry]
 10925 | D:11     | Reached XP level 12. HP: 97/97 MP: 18/18
 11176 | D:12     | Found a sparkling altar of Nemelex Xobeh.
 11428 | D:12     | Reached skill level 9 in Invocations
 11938 | D:12     | Noticed Erolcha
 11945 | D:12     | Killed Erolcha
 12404 | D:13     | Reached skill level 10 in Invocations
 12602 | D:13     | Noticed a boulder beetle
 12618 | D:13     | Killed a boulder beetle
 12650 | D:13     | Noticed a seven-headed hydra
 12659 | D:13     | Killed a seven-headed hydra
 12807 | D:13     | Noticed an entropy weaver
 12809 | D:13     | Killed an entropy weaver
 12819 | D:13     | Found a runed translucent gate.
 12819 | D:13     | Found a runed translucent gate.
 12819 | D:13     | Found a runed translucent gate.
 12821 | D:13     | Noticed an 11-headed hydra
 12821 | D:13     | Noticed Cancer's ghost (journeyman GrEE)
 12821 | D:13     | Noticed a ten-headed hydra
 13156 | D:14     | Noticed Jorgrun
 13156 | D:14     | Noticed Roxanne
 13179 | D:14     | Killed Jorgrun
 13191 | D:14     | Reached skill level 11 in Invocations
 13389 | D:14     | Found a gate to the Vaults.
 13389 | D:14     | Noticed a tengu warrior
 13389 | D:14     | Noticed a vault guard
 13389 | D:14     | Noticed a vault guard
 13389 | D:14     | Noticed a vault guard
 13389 | D:14     | Noticed a tengu warrior
 13389 | D:14     | Noticed a vault guard
 13389 | D:14     | Noticed a centaur warrior
 13389 | D:14     | Noticed a tengu warrior
 13534 | D:14     | Killed a vault guard
 13535 | D:14     | Gained mutation: You frequently emit foul miasma when
                  | damaged in melee. [demonic ancestry]
 13535 | D:14     | Reached XP level 13. HP: 76/106 MP: 21/21
 13598 | D:14     | Reached skill level 12 in Invocations
 13608 | D:14     | Learned a level 9 spell: Shatter
 13618 | D:14     | HP: 2/106 [red ugly thing (9)]
 13618 | D:14     | Mangled by a red ugly thing

Illustrated notes

Levels and vault maps discovered:
D:1:      ncdulo_wetmaze, layout_loops_ring, serial_co_window_serial,
          co_window_of_opportunity_a, co_window_paths_a,
          co_window_of_opportunity_a, co_window_of_opportunity_a,
          co_window_paths_b, co_window_paths_a, co_window_corner_a,
          co_window_paths_c, co_window_broadway_b, co_window_unsneaky_path_a,
          co_window_paths_c, co_window_paths_d, glass_columns_a,
          glass_columns_a, st_stairs_4, minmay_gold_behind_fungi
D:2:      layout_rooms, hellmonk_ecumenical_altar_arch_garden, basic_altar
D:3:      minmay_razor_zed, layout_rooms, uniq_robin, uniq_terence
D:4:      layout_loops_ring, minmay_temple_entry_slanted, enter_ossuary_1,
          serial_shops, kennysheep_mini_moat, kennysheep_path_1,
          kennysheep_generic_room_11, uniq_menkaure
D:5:      layout_rooms, amcnicky_altar_gilded, nicolae_tso_besieged_by_evil,
          lightli_sewer_entry_pipes
D:6:      layout_loops_corners, serial_shops, nicolae_shop_trees,
          kennysheep_generic_room_13
D:7:      layout_rooms, nicolae_uskayaw_suspiria, vehumet_altar_wand_db,
          nicolae_overflow_hidden_temple, grunt_decor_arrowhead
D:8:      layout_loops_cross, dk_yredelemnul_ordeal, okawaru_altar_gauntlet_db,
          mainiacjoe_overflow_catch_the_wave, serial_bayou,
          serial_bayou_crossing, serial_bayou_pond_a, serial_bayou_shore_b,
          serial_bayou_ford_a, serial_bayou_pond_c
D:9:      gammafunk_beogh_shrine, layout_long_grid, minmay_lair_entry_grove,
          serial_shops, shop, st_stairs_13
D:10:     layout_layer_cave, mainiacjoe_overflow_surrounded_room, orc_0_dummy,
          serial_shops, shop_fountains, serial_bayou_lake_a
D:11:     kennysheep_spiral_hall, layout_basic
D:12:     layout_gridville, special_room [special_room_orc],
          nemelex_xobeh_ov_fountains_minmay, uniq_erolcha
D:13:     layout_basic, gammafunk_ghost_hydra_chop, minmay_hedge_maze
D:14:     layout_rooms, lightli_vaults_fourway_checkpoint,
          chequers_hall_statues_corner_a, kennysheep_donut, uniq_jorgrun,
          uniq_roxanne

Skill      XL: |  1  2  3  4  5  6  7  8  9 10 11 12 13 |
---------------+----------------------------------------+-----
Dodging        | 1 2 3 6 7 8 9 |  9.7
Short Blades   | 2 3 7 8 9 |  9.9
Stealth        | 4 5 8 9 10 11 | 11.6
Fighting       | 3 4 7 8 9 10 11 | 11.1
Invocations    | 4 8 11 12 | 12.0
Throwing       | |  1.7

Action                   |  1- 3 |  4- 6 |  7- 9 | 10-12 | 13-15 || total
-------------------------+-------+-------+-------+-------+-------++-------
Melee: Dagger            |   135 |   129 |   210 |   434 |    24 ||   932
       Punch             |     1 |     1 |     2 |     8 |       ||    12
       Touch             |       |    31 |    39 |   125 |     6 ||   201
Throw: Dart              |     1 |       |     2 |     4 |       ||     7
Evoke: Wand              |       |       |       |     8 |       ||     8
  Use: Potion            |       |     1 |     7 |     7 |     1 ||    16
       Scroll            |       |    10 |    16 |    12 |       ||    38
 Stab: Sleeping          |    11 |    15 |    21 |    28 |       ||    75
       Distracted        |       |       |     2 |     6 |       ||     8
       Invisible         |       |       |       |     5 |       ||     5
Armor: Robe              |    45 |    42 |    96 |    49 |       ||   232
       Troll leather arm |       |       |       |    42 |       ||    42
       Acid dragon scale |       |       |       |    23 |     9 ||    32
Dodge: Dodged            |    85 |    84 |   203 |   392 |    32 ||   796
       Rpst.: Dagger     |       |       |    14 |    93 |     5 ||   112

Table legend: (Time is in decaauts)
 A = Elapsed time spent in this place.
 B = Non-inter-level travel time spent in this place.
 C = Inter-level travel time spent in this place.
 D = Time resting spent in this place.
 E = Time spent auto-exploring this place.
 F = Levels seen in this place.
 G = Mean time per level.
                   A        B        C        D        E       F      G
               +--------+--------+--------+--------+--------+-----+--------+
         Total |  20700 |  19675 |   1025 |    445 |  15887 |  16 | 1293.8 |
       Dungeon |  19965 |  18940 |   1025 |    423 |  15457 |  14 | 1426.1 |
         Sewer |    419 |    419 |      0 |     22 |    222 |   1 |  419.0 |
       Ossuary |    315 |    315 |      0 |      0 |    207 |   1 |  315.0 |
               +--------+--------+--------+--------+--------+-----+--------+

Top non-repeatable levels by time:
    D:10: 2530 daAuts
     D:8: 2054 daAuts
    D:11: 1925 daAuts
    D:12: 1868 daAuts
    D:13: 1630 daAuts
     D:6: 1505 daAuts
     D:4: 1324 daAuts
     D:5: 1318 daAuts
     D:9: 1247 daAuts
     D:3: 1141 daAuts
     D:1: 1099 daAuts
     D:7: 878 daAuts
    D:14: 735 daAuts
     D:2: 705 daAuts
   Sewer: 419 daAuts
